[Event "18th Charleroi Open-B 2019"]
[Site "Charleroi"]
[Date "2019.07.27"]
[Round "1.1"]
[White "Halfaoui, Eddine"]
[Black "Fox, Pierre"]
[Result "1-0"]
[ECO "D02"]
[WhiteElo "1990"]
[BlackElo "1727"]
[Annotator "NA RC"]
[PlyCount "43"]
[EventDate "2019.07.22"]
[EventType "swiss"]
[EventCountry "BEL"]
[SourceTitle "playchess.com"]
[Source "ChessBase"]
[SourceQuality "1"]
[TimeControl "40/5400+30:1800+30"]

1. d4 Nf6 2. Nf3 d5 3. g3 Bg4 4. Bg2 e6 5. O-O Nbd7 6. Bf4 Be7 7. c4 O-O 8. Ne5 Bh5 9. Nc3 c6 10. Rc1 Nxe5 11. dxe5 Nd7 12. cxd5 exd5 13. Bh3 g5 14. e6 gxf4 15. exd7 fxg3 16. hxg3 f5 17. Nxd5 Bf7 18. Nxe7+ Qxe7 19. Bxf5 Bxa2 20. e4 Be6 21. Qg4+ Kh8 22. Bxe6 1-0

[Event "18th Charleroi Open-B 2019"]
[Site "Charleroi"]
[Date "2019.07.27"]
[Round "1.4"]
[White "Ooghe, Jean-Marie"]
[Black "Gorts, Sven"]
[Result "1/2-1/2"]
[ECO "D00"]
[WhiteElo "1724"]
[BlackElo "1934"]
[Annotator "NA RC"]
[PlyCount "123"]
[EventDate "2019.07.22"]
[EventType "swiss"]
[EventCountry "BEL"]
[SourceTitle "playchess.com"]
[Source "ChessBase"]
[SourceQuality "1"]
[TimeControl "40/5400+30:1800+30"]

1. d4 d5 2. e3 Nf6 3. Bd3 c5 4. c3 Nc6 5. f4 Qb6 6. Nf3 c4 7. Bc2 Qa5 8. O-O g6 9. Nbd2 Bf5 10. e4 Nxe4 11. Nxe4 Bxe4 12. Bxe4 dxe4 13. Ng5 Qd5 14. b3 h6 15. bxc4 Qxc4 16. Nxe4 f5 17. d5 Rd8 18. Qb3 Na5 19. Qxc4 Nxc4 20. Nc5 Rxd5 21. Ne6 Kf7 22. Re1 Rd6 23. Nxf8 Rxf8 24. Rb1 b6 25. Be3 Rd3 26. Bd4 Rd2 27. Rb4 Rc8 28. a4 Na3 29. Rb3 Nc2 30. Rb2 Rxg2+ 31. Kxg2 Nxe1+ 32. Kg3 Nd3 33. Rb5 Nc5 34. Kg2 Nxa4 35. Rb3 Nc5 36. Ra3 Nd3 37. Rxa7 Nxf4+ 38. Kf3 Nd5 39. Rd7 Ke6 40. Rb7 Rc6 41. Rb8 Nxc3 42. Bxb6 Kd5 43. Ba5 e5 44. Rd8+ Kc4 45. Bxc3 Kxc3 46. Rd1 Re6 47. h4 g5 48. h5 e4+ 49. Ke2 f4 50. Rd8 g4 51. Rg8 g3 52. Rg6 g2 53. Kf2 Re5 54. Rxg2 Rxh5 55. Rg4 e3+ 56. Ke2 Rf5 57. Rg1 h5 58. Rd1 h4 59. Kf3 h3 60. Rh1 Rg5 61. Kxf4 Rh5 62. Kxe3 1/2-1/2

[Event "18th Charleroi Open-B 2019"]
[Site "Charleroi"]
[Date "2019.07.27"]
[Round "1.5"]
[White "Pattyn, Luc"]
[Black "Depouhon, Jean"]
[Result "1-0"]
[ECO "A00"]
[WhiteElo "1717"]
[BlackElo "1920"]
[Annotator "NA RC"]
[PlyCount "79"]
[EventDate "2019.07.22"]
[EventType "swiss"]
[EventCountry "BEL"]
[SourceTitle "playchess.com"]
[Source "ChessBase"]
[SourceQuality "1"]
[TimeControl "40/5400+30:1800+30"]

1. e4 d5 2. Nc3 d4 3. Nce2 Nc6 4. d3 e5 5. f4 Bb4+ 6. Bd2 exf4 7. Nxf4 Nf6 8. Be2 Qd6 9. Ngh3 g5 10. Nh5 Bxd2+ 11. Qxd2 Bxh3 12. gxh3 Nxh5 13. Bxh5 Qh6 14. Bg4 Qh4+ 15. Qf2 Qxf2+ 16. Kxf2 Ne7 17. c3 h5 18. Be2 O-O-O 19. Rac1 Ng6 20. cxd4 Rxd4 21. Rc5 Nf4 22. Ke3 Rhd8 23. Rd1 f6 24. Rf5 R4d6 25. Bf1 Kd7 26. h4 Rg8 27. hxg5 fxg5 28. h4 Ne6 29. hxg5 Rxg5 30. Rxg5 Nxg5 31. Be2 Rh6 32. Rh1 h4 33. Bg4+ Ne6 34. d4 Ke7 35. e5 Ng5 36. Kf4 Nf7 37. Rh3 Ra6 38. a3 Ra4 39. b4 a5 40. Bd1 1-0

[Event "18th Charleroi Open-B 2019"]
[Site "Charleroi"]
[Date "2019.07.28"]
[Round "2.1"]
[White "Caufriez, Olivier"]
[Black "Halfaoui, Eddine"]
[Result "0-1"]
[ECO "C01"]
[WhiteElo "1782"]
[BlackElo "1990"]
[Annotator "NA"]
[PlyCount "74"]
[EventDate "2019.07.22"]
[EventType "swiss"]
[EventCountry "BEL"]
[SourceTitle "playchess.com"]
[Source "ChessBase"]
[SourceQuality "1"]
[TimeControl "40/5400+30:1800+30"]

1. e4 e6 2. d4 d5 3. exd5 exd5 4. c4 Be6 5. Nc3 Nc6 6. Nf3 Bb4 7. Ng5 Qf6 8. Be3 O-O-O 9. Nxe6 fxe6 10. cxd5 exd5 11. Qg4+ Kb8 12. Bd3 Nge7 13. O-O h5 14. Qf3 Qxf3 15. gxf3 Rhf8 16. Kg2 Nf5 17. Bxf5 Rxf5 18. a3 Bxc3 19. bxc3 Na5 20. a4 Nc4 21. Rfb1 a6 22. Re1 g5 23. Rg1 Rdf8 24. Kh1 Rxf3 25. Rxg5 R3f5 26. Rag1 Nb2 27. h4 Kc8 28. Ra1 b6 29. a5 b5 30. Rag1 Nc4 31. Ra1 Rxg5 32. hxg5 Kd7 33. Kh2 Ke6 34. Kh3 Kf5 35. Kh4 Kg6 36. Ra2 Rf3 37. Ra1 Nd6 0-1

[Event "18th Charleroi Open-B 2019"]
[Site "Charleroi"]
[Date "2019.07.28"]
[Round "2.3"]
[White "Gorts, Sven"]
[Black "Manafov, Rafail"]
[Result "1-0"]
[ECO "E91"]
[WhiteElo "1934"]
[BlackElo "1773"]
[Annotator "NA RC"]
[PlyCount "62"]
[EventDate "2019.07.22"]
[EventType "swiss"]
[EventCountry "BEL"]
[SourceTitle "playchess.com"]
[Source "ChessBase"]
[SourceQuality "1"]
[TimeControl "40/5400+30:1800+30"]

1. e4 g6 2. d4 Bg7 3. c4 d6 4. Nc3 Nf6 5. Nf3 O-O 6. Be2 Bg4 7. Be3 h6 8. h3 Bxf3 9. Bxf3 c6 10. Qd2 Kh7 11. g4 e5 12. d5 c5 13. g5 Ng8 14. gxh6 Nxh6 15. h4 f5 16. Bg5 Qe8 17. h5 f4 18. hxg6+ Qxg6 19. Be7 Re8 20. Bh4 Bf6 21. O-O-O Rg8 22. Qe2 Bxh4 23. Rxh4 Qf6 24. Rdh1 Rg1+ 25. Rxg1 Qxh4 26. Nb5 Qe7 27. Bh5 f3 28. Qxf3 Na6 29. Bg6+ Kh8 30. Qh5 Qf8 31. Bf5 Nb8 1-0

[Event "18th Charleroi Open-B 2019"]
[Site "Charleroi"]
[Date "2019.07.29"]
[Round "3.1"]
[White "Halfaoui, Eddine"]
[Black "Solovyova, Anastasia"]
[Result "0-1"]
[ECO "A88"]
[WhiteElo "1990"]
[BlackElo "1835"]
[Annotator "NA"]
[PlyCount "84"]
[EventDate "2019.07.22"]
[EventType "swiss"]
[EventCountry "BEL"]
[SourceTitle "playchess.com"]
[Source "ChessBase"]
[SourceQuality "1"]
[TimeControl "40/5400+30:1800+30"]

1. d4 f5 2. Nf3 Nf6 3. g3 g6 4. Bg2 Bg7 5. O-O O-O 6. c4 d6 7. Nc3 c6 8. d5 e5 9. dxe6 Bxe6 10. Qa4 Nbd7 11. Ng5 Qe7 12. Nxe6 Qxe6 13. Qb4 Nc5 14. Be3 a5 15. Qa3 Qxc4 16. Rac1 Qb4 17. Bxc5 dxc5 18. Na4 Ne4 19. Bxe4 fxe4 20. Qb3+ c4 21. Qxb4 axb4 22. b3 c3 23. Rc2 Bd4 24. e3 Ba7 25. Rd1 b5 26. Nxc3 bxc3 27. Rxc3 c5 28. Rd6 Rfd8 29. Ra6 Kf7 30. b4 c4 31. a4 Rd1+ 32. Kg2 Bd4 33. Rxa8 Bxc3 34. axb5 Rb1 35. Ra7+ Kf6 36. b6 Rxb4 37. Rc7 Be5 38. Rc6+ Ke7 39. b7 c3 40. Rc5 Kd6 41. Rc4 Rxb7 42. Rxe4 c2 0-1

[Event "18th Charleroi Open-B 2019"]
[Site "Charleroi"]
[Date "2019.07.29"]
[Round "3.3"]
[White "Lefebvre, Jeremie"]
[Black "Gorts, Sven"]
[Result "0-1"]
[ECO "B76"]
[WhiteElo "1803"]
[BlackElo "1934"]
[Annotator "NA"]
[PlyCount "43"]
[EventDate "2019.07.22"]
[EventType "swiss"]
[EventCountry "BEL"]
[SourceTitle "playchess.com"]
[Source "ChessBase"]
[SourceQuality "1"]
[TimeControl "40/5400+30:1800+30"]

1. e4 c5 2. Nf3 d6 3. d4 cxd4 4. Nxd4 Nf6 5. Nc3 g6 6. Be3 Bg7 7. f3 O-O 8. Qd2 Nc6 9. O-O-O Nxd4 10. Bxd4 Be6 11. Kb1 Rc8 12. h4 Qa5 13. Nd5 Qd8 14. Nxf6+ exf6 15. g4 d5 16. Bd3 dxe4 17. Bxe4 Qe7 18. g5 Rfd8 19. Qe3 Rxd4 20. Rxd4 f5 21. Bd5 Qc5 22. Bxe6 0-1

[Event "18th Charleroi Open-B 2019"]
[Site "Charleroi"]
[Date "2019.07.29"]
[Round "4.1"]
[White "Gorts, Sven"]
[Black "Alessi, David"]
[Result "1-0"]
[ECO "C10"]
[WhiteElo "1934"]
[BlackElo "1798"]
[Annotator "NA"]
[PlyCount "119"]
[EventDate "2019.07.22"]
[EventType "swiss"]
[EventCountry "BEL"]
[SourceTitle "playchess.com"]
[Source "ChessBase"]
[SourceQuality "1"]
[TimeControl "40/5400+30:1800+30"]

1. e4 e6 2. d4 d5 3. Nc3 Nc6 4. e5 b6 5. a3 Bb7 6. Nf3 Qd7 7. Bd3 O-O-O 8. Qe2 Kb8 9. O-O f6 10. Bf4 g5 11. Bg3 g4 12. Nd2 f5 13. Nb3 Be7 14. a4 Bg5 15. f4 gxf3 16. Rxf3 h5 17. a5 h4 18. Bf4 Bxf4 19. Rxf4 Nge7 20. axb6 cxb6 21. Nb5 Nc8 22. c3 Rdg8 23. Rf2 Rg4 24. Nd2 Rhg8 25. Nf1 h3 26. g3 f4 27. Qd2 fxg3 28. Nxg3 a6 29. Na3 Nxe5 30. dxe5 d4 31. Be2 Rxg3+ 32. hxg3 h2+ 33. Rxh2 Rxg3+ 34. Kf2 Rg8 35. Qxd4 Qf7+ 36. Ke1 Qg7 37. Qe3 Ne7 38. Rd1 Nd5 39. Rxd5 exd5 40. Nc2 Re8 41. e6 Rxe6 42. Qxe6 Qg3+ 43. Kd2 Qxh2 44. Qxb6 Qf4+ 45. Qe3 Qa4 46. Qd4 Qb3 47. Qb4 Qa2 48. Qa3 Qxa3 49. Nxa3 Kc7 50. Nc2 Kb6 51. Bf3 a5 52. Nd4 Kc5 53. Bd1 Bc8 54. Ba4 Bh3 55. Bb5 Bg2 56. Be2 Be4 57. Ke3 Bb1 58. Nb3+ Kb6 59. Kd4 Ba2 60. Nc1 1-0

[Event "18th Charleroi Open-B 2019"]
[Site "Charleroi"]
[Date "2019.07.29"]
[Round "4.3"]
[White "Yoro, Samuel"]
[Black "Deneyer, Frank"]
[Result "1-0"]
[ECO "E81"]
[WhiteElo "1744"]
[BlackElo "1870"]
[Annotator "NA"]
[PlyCount "65"]
[EventDate "2019.07.22"]
[EventType "swiss"]
[EventCountry "BEL"]
[SourceTitle "playchess.com"]
[Source "ChessBase"]
[SourceQuality "1"]
[TimeControl "40/5400+30:1800+30"]

1. d4 Nf6 2. c4 g6 3. Nc3 Bg7 4. e4 d6 5. f3 O-O 6. Be3 c6 7. Qd2 a6 8. a4 b5 9. axb5 Bb7 10. bxc6 Nxc6 11. Nge2 Nd7 12. Bh6 Bxh6 13. Qxh6 Nb4 14. Qd2 e5 15. Nd5 Nc6 16. h4 f5 17. h5 g5 18. h6 fxe4 19. fxe4 Nxd4 20. Nxd4 Bxd5 21. cxd5 exd4 22. Qxd4 Qf6 23. Qxf6 Rxf6 24. Rh5 Rg6 25. Rxa6 Re8 26. Kd2 Nc5 27. Ra3 Rxe4 28. Bd3 Nxd3 29. Kxd3 Rh4 30. Rxh4 gxh4 31. Ra8+ Kf7 32. Ra7+ Kg8 33. Rg7+ 1-0

[Event "18th Charleroi Open-B 2019"]
[Site "Charleroi"]
[Date "2019.07.30"]
[Round "5.1"]
[White "Lot, Diederik"]
[Black "Gorts, Sven"]
[Result "1/2-1/2"]
[ECO "E71"]
[WhiteElo "1931"]
[BlackElo "1934"]
[Annotator "NA"]
[PlyCount "72"]
[EventDate "2019.07.22"]
[EventType "swiss"]
[EventCountry "BEL"]
[SourceTitle "playchess.com"]
[Source "ChessBase"]
[SourceQuality "1"]
[TimeControl "40/5400+30:1800+30"]

1. d4 Nf6 2. c4 g6 3. Nc3 Bg7 4. e4 d6 5. h3 O-O 6. Bg5 h6 7. Be3 e5 8. d5 Kh7 9. Bd3 a5 10. Qd2 Na6 11. Nge2 Nb4 12. Bb1 b6 13. g4 Ng8 14. Ng3 Bf6 15. a3 Na6 16. Bc2 Bd7 17. O-O-O Bg5 18. h4 Bxe3 19. Qxe3 Bxg4 20. f3 Bd7 21. Rdf1 f6 22. f4 Ne7 23. f5 gxf5 24. Nxf5 Nxf5 25. exf5 Rg8 26. Rhg1 Qe7 27. Ne4 Rxg1 28. Rxg1 Bxf5 29. Ng5+ fxg5 30. Bxf5+ Kg7 31. hxg5 h5 32. Bc2 Nc5 33. Qh3 e4 34. Qxh5 Rh8 35. Qg4 Qe5 36. Qg3 Qd4 1/2-1/2

[Event "18th Charleroi Open-B 2019"]
[Site "Charleroi"]
[Date "2019.07.30"]
[Round "5.3"]
[White "Heymans, Berwout"]
[Black "Leclere, Jean-Yves"]
[Result "1-0"]
[ECO "E94"]
[WhiteElo "1889"]
[BlackElo "1660"]
[Annotator "NA"]
[PlyCount "143"]
[EventDate "2019.07.22"]
[EventType "swiss"]
[EventCountry "BEL"]
[SourceTitle "playchess.com"]
[Source "ChessBase"]
[SourceQuality "1"]
[TimeControl "40/5400+30:1800+30"]

1. c4 Nf6 2. Nc3 g6 3. e4 d6 4. d4 Bg7 5. Nf3 O-O 6. Be2 e5 7. d5 Na6 8. O-O Nc5 9. Qc2 a5 10. Bg5 h6 11. Be3 Na6 12. Nd2 Ng4 13. Bxg4 Bxg4 14. f3 Bd7 15. a3 Qe7 16. Rab1 f5 17. b4 axb4 18. axb4 f4 19. Bf2 Qg5 20. Kh1 b6 21. Ne2 h5 22. c5 bxc5 23. bxc5 Rfb8 24. Rxb8+ Rxb8 25. c6 Bc8 26. Rb1 Ra8 27. Nb3 Bf8 28. Qc3 Qe7 29. Qc4 Kh7 30. Nec1 g5 31. Ra1 g4 32. Nd3 gxf3 33. gxf3 Rb8 34. Ba7 Ra8 35. Bf2 Rb8 36. Ba7 Ra8 37. Rxa6 Bxa6 38. Qxa6 Bh6 39. Qb7 Rg8 40. Bf2 Qg7 41. Ne1 Bg5 42. Nc1 h4 43. Ncd3 h3 44. Qa7 Bd8 45. Qa6 Bh4 46. Qa2 Bd8 47. Qe2 Qh6 48. Qf1 Qh5 49. Bg1 Rg6 50. Nf2 Rh6 51. Ng4 Rg6 52. Nd3 Kg7 53. Ndf2 Bh4 54. Qxh3 Qg5 55. Qf1 Qd8 56. Qb1 Qh8 57. Qb7 Bd8 58. Qc8 Qe8 59. Nd3 Kf8 60. Qf5+ Kg8 61. Nb4 Kh8 62. Ba7 Rg7 63. Qc8 Qe7 64. Bf2 Rg8 65. Qf5 Rg7 66. Nd3 Qe8 67. Be1 Rf7 68. Qh5+ Kg7 69. Nh6 Rf8 70. Nf5+ Kg8 71. Qg4+ Kh8 72. Qg7# 1-0

[Event "18th Charleroi Open-B 2019"]
[Site "Charleroi"]
[Date "2019.07.31"]
[Round "6.1"]
[White "Timmermans, Daniel"]
[Black "Schuermans, Robert"]
[Result "0-1"]
[ECO "D07"]
[WhiteElo "1883"]
[BlackElo "1986"]
[Annotator "NA RC"]
[PlyCount "75"]
[EventDate "2019.07.22"]
[EventType "swiss"]
[EventCountry "BEL"]
[SourceTitle "playchess.com"]
[Source "ChessBase"]
[SourceQuality "1"]
[TimeControl "40/5400+30:1800+30"]

1. d4 d5 2. c4 Nc6 3. Nc3 dxc4 4. d5 Ne5 5. f4 Ng4 6. h3 N4f6 7. e4 e6 8. Bxc4 exd5 9. exd5 Bc5 10. Nf3 Ne7 11. b4 Bxb4 12. Qa4+ Nc6 13. O-O Bxc3 14. dxc6 O-O 15. Rb1 bxc6 16. Ba3 Bd4+ 17. Kh1 c5 18. Rbd1 Ne4 19. Nxd4 Ng3+ 20. Kg1 cxd4 21. Rfe1 Bd7 22. Qb3 Nf5 23. Bxf8 Qxf8 24. Re5 c5 25. Qa3 Nd6 26. Bd5 Nb5 27. Qa5 Rb8 28. Rde1 Qd6 29. Bc4 d3 30. Rd5 Qc6 31. Bxb5 Qxb5 32. Qxb5 Bxb5 33. Rxc5 Ba4 34. Rec1 d2 35. Rc8+ Be8 36. Rxe8+ Rxe8 37. Rd1 Re1+ 38. Kf2 0-1

[Event "18th Charleroi Open-B 2019"]
[Site "Charleroi"]
[Date "2019.07.31"]
[Round "6.3"]
[White "Henrotte, Corentin"]
[Black "Lot, Diederik"]
[Result "1/2-1/2"]
[ECO "D00"]
[WhiteElo "1851"]
[BlackElo "1931"]
[Annotator "NA RC"]
[PlyCount "88"]
[EventDate "2019.07.22"]
[EventType "swiss"]
[EventCountry "BEL"]
[SourceTitle "playchess.com"]
[Source "ChessBase"]
[SourceQuality "1"]
[TimeControl "40/5400+30:1800+30"]

1. d4 d5 2. Nc3 c6 3. Bf4 Nf6 4. e3 g6 5. Bd3 Bg7 6. Nf3 O-O 7. h4 h5 8. Qd2 Nbd7 9. O-O-O Qa5 10. Kb1 c5 11. Nxd5 Qa4 12. Nxe7+ Kh8 13. c3 b5 14. Qc2 Qxc2+ 15. Bxc2 Bb7 16. d5 Rfe8 17. d6 Bf8 18. Ng5 Kg7 19. f3 Bxe7 20. dxe7 Rxe7 21. e4 Ne5 22. Nh3 Nfd7 23. Rhe1 c4 24. Rd2 Nc5 25. Nf2 a5 26. Bxe5+ Rxe5 27. f4 Re7 28. g3 b4 29. e5 Rb8 30. cxb4 axb4 31. Ne4 Bxe4 32. Bxe4 c3 33. Rd4 b3 34. a4 c2+ 35. Kc1 Ra7 36. Bc6 Rb6 37. Bd5 Rxa4 38. Rxa4 Nxa4 39. Re4 Nc5 40. Re3 Kf8 41. Rc3 Rb5 42. Bc4 Rb4 43. Bd5 Rb5 44. Bc4 Rb4 1/2-1/2

[Event "18th Charleroi Open-B 2019"]
[Site "Charleroi"]
[Date "2019.08.01"]
[Round "7.1"]
[White "Schuermans, Robert"]
[Black "Gorts, Sven"]
[Result "1/2-1/2"]
[ECO "B77"]
[WhiteElo "1986"]
[BlackElo "1934"]
[Annotator "NA"]
[PlyCount "44"]
[EventDate "2019.07.22"]
[EventType "swiss"]
[EventCountry "BEL"]
[SourceTitle "playchess.com"]
[Source "ChessBase"]
[SourceQuality "1"]
[TimeControl "40/5400+30:1800+30"]

1. e4 c5 2. Nf3 d6 3. d4 cxd4 4. Nxd4 Nf6 5. Nc3 g6 6. Be3 Bg7 7. f3 O-O 8. Qd2 Nc6 9. Bc4 Bd7 10. h4 Ne5 11. Bb3 Rc8 12. h5 Nc4 13. Bxc4 Rxc4 14. hxg6 fxg6 15. Nde2 Qe8 16. Bh6 Bxh6 17. Qxh6 Qf7 18. O-O-O Rfc8 19. Rd4 b5 20. Rxc4 Rxc4 21. Qe3 b4 22. Nd1 Rc5 1/2-1/2

[Event "18th Charleroi Open-B 2019"]
[Site "Charleroi"]
[Date "2019.08.01"]
[Round "7.3"]
[White "Manet, Eric"]
[Black "Timmermans, Daniel"]
[Result "0-1"]
[ECO "B42"]
[WhiteElo "1855"]
[BlackElo "1883"]
[Annotator "NA"]
[PlyCount "86"]
[EventDate "2019.07.22"]
[EventType "swiss"]
[EventCountry "BEL"]
[SourceTitle "playchess.com"]
[Source "ChessBase"]
[SourceQuality "1"]
[TimeControl "40/5400+30:1800+30"]

1. e4 c5 2. Nf3 e6 3. d4 cxd4 4. Nxd4 a6 5. Bd3 Qc7 6. O-O Bc5 7. Nb3 Ba7 8. Qe2 Nc6 9. Be3 Bxe3 10. Qxe3 Nf6 11. Qe2 O-O 12. Nc3 b5 13. a3 d6 14. Kh1 d5 15. exd5 exd5 16. Qd2 Ne5 17. f4 Nc4 18. Bxc4 dxc4 19. Nd4 Rd8 20. Nce2 Qc5 21. c3 Bb7 22. Qe3 Qd5 23. Qh3 Re8 24. Rad1 Re3 25. Rf3 Rxe2 26. Rg3 Rae8 27. Rg1 Qh5 28. Qxh5 Nxh5 29. Nxe2 Rxe2 30. Rg5 Nxf4 31. Rd1 h6 32. Rg3 Nxg2 33. Kg1 Rxb2 34. Rd8+ Kh7 35. Rd7 Rb1+ 36. Kf2 Rb2+ 37. Kg1 Be4 38. Rxf7 Bg6 39. Ra7 Nf4 40. Kf1 Bd3+ 41. Ke1 Re2+ 42. Kd1 Bc2+ 43. Kc1 Nd3+ 0-1

[Event "18th Charleroi Open-B 2019"]
[Site "Charleroi"]
[Date "2019.08.01"]
[Round "7.7"]
[White "Goormachtigh, Laurens"]
[Black "De Bock, Thijs"]
[Result "*"]
[ECO "B76"]
[WhiteElo "1840"]
[BlackElo "1870"]
[Annotator "NA"]
[PlyCount "24"]
[EventDate "2019.07.22"]
[EventType "swiss"]
[EventCountry "BEL"]
[SourceTitle "playchess.com"]
[Source "ChessBase"]
[SourceQuality "1"]
[TimeControl "40/5400+30:1800+30"]

1. e4 c5 2. Nf3 d6 3. d4 cxd4 4. Nxd4 Nf6 5. Nc3 g6 6. f3 Bg7 7. Be3 O-O 8. Qd2 Nc6 9. O-O-O d5 10. Qe1 e5 11. Nxc6 bxc6 12. exd5 Nxd5 *

[Event "18th Charleroi Open-B 2019"]
[Site "Charleroi"]
[Date "2019.08.02"]
[Round "8.1"]
[White "Gorts, Sven"]
[Black "Halfaoui, Eddine"]
[Result "1/2-1/2"]
[ECO "A11"]
[WhiteElo "1934"]
[BlackElo "1990"]
[Annotator "NA"]
[PlyCount "89"]
[EventDate "2019.07.22"]
[EventType "swiss"]
[EventCountry "BEL"]
[SourceTitle "playchess.com"]
[Source "ChessBase"]
[SourceQuality "1"]
[TimeControl "40/5400+30:1800+30"]

1. c4 c6 2. Nf3 d5 3. e3 Nf6 4. Qc2 e6 5. Nc3 Nbd7 6. a3 a5 7. b3 Be7 8. Bb2 O-O 9. d4 Re8 10. Bd3 c5 11. cxd5 exd5 12. Bb5 Rf8 13. h4 cxd4 14. Nxd4 Nc5 15. h5 h6 16. f3 Bd6 17. O-O-O Qb6 18. g4 Ne6 19. Qd2 Nxd4 20. exd4 Qc7 21. Kb1 Bf4 22. Qd3 Bd7 23. Bxd7 Qxd7 24. Ne2 Bd6 25. g5 hxg5 26. h6 g6 27. Bc1 Nh7 28. Rdg1 Be7 29. f4 g4 30. Ka2 f5 31. Rxg4 Ra6 32. Rg2 Rc8 33. Bb2 Qd6 34. Qxf5 Rf8 35. Qd3 Kh8 36. Rhg1 Rg8 37. Qe3 Qf6 38. f5 g5 39. Qe5 Rf8 40. Rf1 Rd8 41. Qc7 Qd6 42. Qc1 Rc6 43. Qd1 Rdc8 44. Ng3 Nf6 45. Rf3 1/2-1/2

[Event "18th Charleroi Open-B 2019"]
[Site "Charleroi"]
[Date "2019.08.02"]
[Round "8.3"]
[White "Yoro, Samuel"]
[Black "Paul, Jean-Bernard"]
[Result "0-1"]
[ECO "A57"]
[WhiteElo "1744"]
[BlackElo "1937"]
[Annotator "NA"]
[PlyCount "42"]
[EventDate "2019.07.22"]
[EventType "swiss"]
[EventCountry "BEL"]
[SourceTitle "playchess.com"]
[Source "ChessBase"]
[SourceQuality "1"]
[TimeControl "40/5400+30:1800+30"]

1. d4 Nf6 2. c4 c5 3. d5 b5 4. b3 bxc4 5. bxc4 g6 6. Nc3 Bg7 7. Bd2 O-O 8. f4 e6 9. Rb1 exd5 10. cxd5 Re8 11. g3 d6 12. Bg2 Bf5 13. Rb7 Bc8 14. Rb3 Nbd7 15. h3 Nb6 16. a4 Nc4 17. g4 Ba6 18. Qc1 Rb8 19. Nb5 Nxd2 20. Qxd2 Ne4 21. Qd3 Qh4+ {[%emt 0:00:00] Qd1} 0-1